 Dungeon Crawl Stone Soup version 0.26.0-45-g9c1d065592 (webtiles) character file.

Game seed: 6564959714732869140

(classic levelgen) 26579 thiole the Fighter (level 13, -5/92 HPs)
             Began as an Octopode Venom Mage on Jan 29, 2021.
             Was an Initiate of Gozag.
             Hit by a silver javelin thrown by Urug (24 damage)
             ... on level 10 of the Dungeon.
             The game lasted 01:03:07 (21055 turns).

thiole the Fighter (Octopode Venom Mage)           Turns: 21055, Time: 01:03:07

Health: -5/92      AC:  1    Str:  8    XL:     13   Next: 26%
Magic:  7/26       EV: 17    Int: 21    God:    Gozag
Gold:   1311       SH:  0    Dex: 13    Spells: 19/30 levels left

rFire    . . .     SeeInvis .   t - +3 short sword (venom)
rCold    . . .     Faith    .   (no shield)
rNeg     . . .     Spirit   .   (helmet restricted)
rPois    +         Reflect  .   (no amulet)
rElec    .         Harm     .   j - ring of resist corrosion
rCorr    +         Rampage  .   y - ring of poison resistance
Will     .....                  (no ring)
Stlth    +++++.....             (no ring)
HPRegen  0.25/turn              (no ring)
MPRegen  0.20/turn              (no ring)
                                (no ring)
                                (no ring)

@: gold aura
A: almost no armour, stealthy swim, amphibious, 8 rings, constrict 8, camouflage
1, gelatinous body 1
a: Renounce Religion, Potion Petition, Call Merchant, Bribe Branch


You were on level 10 of the Dungeon.
You worshipped Gozag.
Gozag was most pleased with you.
You visited 3 branches of the dungeon, and saw 13 of its levels.
You also visited: Bailey.

You collected 3677 gold pieces.
You spent 1980 gold pieces at shops.
You paid 386 gold pieces to Gozag.

Inventory:

Hand Weapons
 g - a +3 spear
 h - a -1 short sword
 t - a +3 short sword of venom (weapon)
 v - a +2 hand axe of freezing
Missiles
 a - 272 stones (quivered)
 c - 24 poisoned darts
 k - 11 curare-tipped darts
Jewellery
 j - a ring of resist corrosion (left tentacle)
 w - a -4 ring of protection
 y - a ring of poison resistance (right tentacle)
Wands
 l - a wand of flame (35)
 r - a wand of polymorph (10)
 B - a wand of iceblast (9)
Scrolls
 b - 9 scrolls of remove curse
 d - a scroll of blinking
 i - 2 scrolls of identify
 m - 7 scrolls of enchant weapon
 q - 6 scrolls of teleportation
 u - 2 scrolls of amnesia
 z - 2 scrolls of enchant armour
 A - a scroll of silence
 C - a scroll of random uselessness
Potions
 e - a potion of lignification
 n - 4 potions of curing
 o - a potion of attraction
 p - 3 potions of flight
 s - 3 potions of heal wounds
 x - 6 potions of ambrosia
 G - a potion of mutation
 H - a potion of haste
Miscellaneous
 D - a phial of floods
 E - a condenser vane
 F - a lightning rod (4/4)


   Skills:
 - Level 10.0 Fighting
 - Level 9.0 Short Blades
 + Level 6.8 Dodging
 - Level 10.0 Stealth
 - Level 4.0 Shields
 - Level 9.0 Spellcasting
 - Level 6.0 Conjurations
 - Level 2.0 Transmutations
 - Level 4.0 Fire Magic
 - Level 6.0 Air Magic
 - Level 6.0 Poison Magic
 - Level 4.0 Evocations


You had 19 spell levels left.
You knew the following spells:

 Your Spells              Type           Power        Failure   Level
a - Sting                 Tmut/Pois      100%         1%          1
b - Mephitic Cloud        Conj/Pois/Air  34%          1%          3
c - Ignite Poison         Fire/Tmut/Pois 26%          4%          3
d - Olgreb's Toxic Radia  Pois           34%          6%          4

Your spell library contained the following spells:

 Spells                   Type           Power        Failure   Level
 Poisonous Vapours        Pois/Air       68%          1%          2
 Iskenderun's Mystic Bla  Conj/Tloc      22%          21%         4
 Portal Projectile        Hex/Tloc       18%          22%         3
 Silence                  Hex/Air        11%          50%         5
 Passage of Golubria      Tloc           N/A          56%         4


Dungeon Overview and Level Annotations

Branches:
Dungeon (10/15)            Temple (1/1) D:5            Lair (0/6) D:9
    Orc (2/2) D:9             Elf (0/3) Orc:2        Bailey (visited)

Altars:
Ashenzari
Cheibriados
Dithmenos
Elyvilon
Fedhas
Gozag
Hepliaklqana
Kikubaaqudgha
Makhleb
Nemelex Xobeh
Okawaru
Qazlal
Ru
Sif Muna
Trog
Uskayaw
Vehumet
Wu Jian
Xom
Yredelemnul
Zin
The Shining One
Beogh

Shops:
D:5 =   Orc:2 }![*

Annotations:
D:8 Gastronok
D:10 Urug


Innate Abilities, Weirdness & Mutations

You cannot wear most types of armour.
You are very stealthy in the water. (Stealth+)
You are amphibious.
You can wear up to eight rings at the same time.
You can use your tentacles to constrict eight enemies at once.
Your skin changes colour to match your surroundings (Stealth+).
Your rubbery body absorbs attacks. (AC +1, EV +1)


Message History

Your toxic radiance grows in intensity.
Urug looks even sicker.
Casting: Olgreb's Toxic Radiance (dangerous; 6% risk of failure)
Confirm with . or Enter, or press ? or * to list all spells.
You ignite the poison in your surroundings!
Urug seems to burn from within!!!
Urug is severely wounded.
Urug is poisoned.
Urug throws a silver javelin.
The silver javelin pierces through you!!
* * * LOW HITPOINT WARNING * * *
x2
Casting: Ignite Poison (mildly dangerous; 4% risk of failure)
Confirm with . or Enter, or press ? or * to list all spells.
You ignite the poison in your surroundings!
Urug seems to burn from within!
Urug is almost dead.
Urug is poisoned.
Your toxic aura wanes.
Urug throws a silver javelin.
The silver javelin pierces through you!!
You die...
Your body crumbles into a pile of gold.

#.# # ######## #.# # #......# #.#
# ******** #......###.# #
,,,,,,,* #......'...# # ,,,,,,,*
###......##### # ,,,,,,,*
###...####.# *** # ,,,,,,,*
#.+.$.'(...# *,******#
,,,,,..#####.#..@########.,,,,,..
,,,,,.......$o............,,,,,..
,,,,,,.#####.##########.#.,,,,,..
,,,,,,,* #...# *,*******##
,,,,,,,*##.#.#########*,* *,,,
,,,,,,,*#.............,,* *,**
,,,,,,,*#.............,,******,##
,,,,,,,*#.............,,,,,,,#.#<
+*******#.....(.......,,****,#...


You could see Urug (poisoned).

Vanquished Creatures
  Jorgrun (Orc:1)
  An orc warlord (Orc:2)
  2 two-headed ogres (Orc:2)
  5 orc high priests (Orc:2)
  Sonja (D:10)
  An unseen horror (D:10)
  4 orc knights
  Pikel (D:7)
  3 orc sorcerers (Orc:2)
  A cyclops (Orc:1)
  A queen bee (D:9)
  3 trolls
  A hornet (D:7)
  10 yaks (D:10)
  6 wargs
  Duvessa (D:5)
  3 water moccasins
  An ice beast (D:6)
  43 orc warriors
  2 sky beasts (D:6)
  A black bear (D:6)
  2 necrophages
  3 phantoms
  16 ogres
  4 centaurs
  A lemure (D:7)
  3 bullfrogs
  3 scorpions
  Dowan (D:5)
  28 killer bees
  2 electric eels (D:7)
  2 howler monkeys
  2 bullfrog zombies
  2 jellies
  23 orc priests
  3 bullfrog skeletons
  4 hounds
  An iguana (D:7)
  21 orc wizards
  5 worker ants
  3 hound skeletons
  A howler monkey zombie (D:10)
  Robin (D:2)
  14 adders
  5 gnolls
  A white imp (D:10)
  An ufetubus (D:9)
  An ooze (D:3)
  2 adder zombies
  3 adder skeletons
  2 worms
  2 dart slugs
  8 leopard geckos
  99 orcs
  9 bats
  15 giant cockroaches
  23 goblins
  8 hobgoblins
  8 jackals
  11 kobolds
  3 quokkas
  5 ball pythons
  9 frilled lizards
  A leopard gecko skeleton (D:5)
  5 rats
  A bush (D:4)
459 creatures vanquished.

Vanquished Creatures (others)
  A bat (D:3)
  25 plants
26 creatures vanquished.

Grand Total: 485 creatures vanquished

Notes
Turn   | Place    | Note
-------+----------+-------------------------------------------
     0 | D:1      | thiole the Octopode Venom Mage began the quest for the Orb.
     0 | D:1      | Reached XP level 1. HP: 11/11 MP: 3/3
   242 | D:1      | Reached XP level 2. HP: 11/18 MP: 0/5
   464 | D:1      | Reached skill level 1 in Fighting
   927 | D:1      | Reached XP level 3. HP: 17/24 MP: 0/6
  1190 | D:1      | Found a glowing golden altar of the Shining One.
  2120 | D:2      | Reached XP level 4. HP: 14/29 MP: 1/8
  2505 | D:2      | Noticed Robin
  2513 | D:2      | Killed Robin
  3572 | D:3      | Reached XP level 5. HP: 33/34 MP: 7/10
  4041 | D:3      | Reached skill level 1 in Short Blades
  4911 | D:4      | Reached XP level 6. HP: 26/39 MP: 12/12
  5136 | D:4      | Learned a level 3 spell: Mephitic Cloud
  5140 | D:4      | Learned a level 3 spell: Ignite Poison
  5146 | D:4      | Learned a level 4 spell: Olgreb's Toxic Radiance
  5227 | D:4      | Reached skill level 5 in Stealth
  5284 | D:4      | Reached skill level 1 in Conjurations
  5296 | D:4      | Reached skill level 1 in Air Magic
  5348 | D:4      | Reached skill level 1 in Fire Magic
  5350 | D:4      | Reached XP level 7. HP: 18/45 MP: 9/13
  5865 | D:5      | Entered Level 5 of the Dungeon
  6357 | D:5      | Noticed Duvessa
  6357 | D:5      | Noticed Dowan
  6365 | D:5      | Killed Dowan
  6367 | D:5      | Killed Duvessa
  6898 | D:5      | Reached XP level 8. HP: 51/54 MP: 1/14
  7491 | D:5      | Found a staircase to the Ecumenical Temple.
  7503 | Temple   | Entered the Ecumenical Temple
  7759 | D:5      | Reached skill level 5 in Poison Magic
  7872 | D:5      | Found a snail-covered altar of Cheibriados.
  8110 | D:5      | Found Soizuy's Jewellery Emporium.
  9162 | D:6      | Reached skill level 5 in Fighting
  9424 | D:6      | Reached XP level 9. HP: 37/61 MP: 3/15
  9590 | D:6      | Found a burning altar of Makhleb.
  9604 | D:6      | Reached skill level 5 in Spellcasting
 10050 | D:7      | Found a flagged portal.
 10062 | Bailey   | Entered a bailey
 10550 | Bailey   | Noticed an orc knight
 10573 | Bailey   | Killed an orc knight
 10789 | D:7      | Noticed a hornet
 10798 | D:7      | Reached XP level 10. HP: 32/66 MP: 3/19
 11089 | D:7      | Found an ancient bone altar of Kikubaaqudgha.
 11225 | D:7      | Noticed Pikel
 11232 | D:7      | Killed Pikel
 12196 | D:8      | Found an opulent altar of Gozag.
 12198 | D:8      | Became a worshipper of Gozag Ym Sagoz the Greedy
 12209 | D:8      | Found a hide-covered altar of Uskayaw.
 12433 | D:8      | Noticed Gastronok
 12518 | D:9      | Found a blossoming altar of Fedhas.
 12848 | D:9      | Found a staircase to the Lair.
 12973 | D:9      | Found a staircase to the Orcish Mines.
 13158 | D:9      | Reached XP level 11. HP: 74/77 MP: 3/22
 13535 | Orc:1    | Entered Level 1 of the Orcish Mines
 14063 | Orc:1    | Noticed Jorgrun
 14107 | Orc:1    | Killed Jorgrun
 14477 | Orc:2    | Entered Level 2 of the Orcish Mines
 14477 | Orc:2    | Noticed a two-headed ogre
 14483 | Orc:2    | Killed a two-headed ogre
 14484 | Orc:2    | Reached skill level 5 in Short Blades
 14650 | Orc:2    | Noticed a two-headed ogre
 14662 | Orc:2    | Killed a two-headed ogre
 16054 | Orc:2    | Noticed an orc sorcerer
 16054 | Orc:2    | Noticed an orc sorcerer
 16057 | Orc:2    | Killed an orc sorcerer
 16058 | Orc:2    | Killed an orc sorcerer
 16059 | Orc:2    | Reached XP level 12. HP: 72/82 MP: 10/25
 16069 | Orc:2    | Identified the Guide on Twisted Lightness
 16369 | Orc:2    | Found a staircase to the Elven Halls.
 16561 | Orc:2    | Found Ninaesk's Armour Shop.
 16666 | Orc:2    | Found Gacisch's General Store.
 16672 | Orc:2    | Reached skill level 5 in Air Magic
 16680 | Orc:2    | Noticed an orc high priest
 16885 | Orc:2    | Killed an orc high priest
 17002 | Orc:2    | Found a roughly hewn altar of Beogh.
 17658 | Orc:2    | Noticed an orc high priest
 17789 | Orc:2    | Killed an orc high priest
 17897 | Orc:2    | Noticed an orc warlord
 18054 | Orc:2    | Killed an orc warlord
 18055 | Orc:2    | Reached skill level 10 in Fighting
 18055 | Orc:2    | Reached skill level 5 in Conjurations
 18294 | Orc:2    | Noticed an orc high priest
 18301 | Orc:2    | Killed an orc high priest
 18436 | Orc:2    | Found Kelenus's Distillery.
 18438 | Orc:2    | Noticed an orc high priest
 18443 | Orc:2    | Killed an orc high priest
 18740 | Orc:2    | Found a roughly hewn altar of Beogh.
 18768 | Orc:2    | Noticed an orc high priest
 18774 | Orc:2    | Killed an orc high priest
 18775 | Orc:2    | Reached XP level 13. HP: 92/92 MP: 5/26
 18880 | Orc:2    | Found Veam Pat's Gadget Shop.
 18895 | Orc:2    | Bought a phial of floods for 720 gold pieces
 18895 | Orc:2    | Bought a condenser vane for 720 gold pieces
 18895 | Orc:2    | Bought a lightning rod (4/4) for 540 gold pieces
 19505 | Orc:1    | Reached skill level 10 in Stealth
 19917 | Orc:1    | Found a roughly hewn altar of Beogh.
 20305 | D:10     | Entered Level 10 of the Dungeon
 20312 | D:10     | Reached skill level 5 in Dodging
 20379 | D:10     | Noticed Sonja
 20495 | D:10     | Killed Sonja
 20918 | D:10     | Noticed Urug
 21055 | D:10     | Hit by a silver javelin thrown by Urug

Illustrated notes

Levels and vault maps discovered:
D:1:      dpeg_arrival_arbitrary_a, layout_basic, tso_metal_star
D:2:      cheibrodos_old_hovel, layout_basic, minmay_pentomino_pile, uniq_robin
D:3:      minmay_roachtagon, layout_loops_corners, serial_rivers,
          chequers_serial_rivers_micro_a, chequers_serial_rivers_room_a,
          chequers_serial_rivers_room_a, chequers_serial_rivers_large_a,
          chequers_serial_rivers_large_b
D:4:      layout_cave_pools, minmay_hedge_maze, minmay_starry_boxes
D:5:      layout_layer_cave, lemuel_crystal_altar, minmay_temple_entry_grid,
          serial_shops, shop, uniq_duvessa
D:6:      layout_gridville, makhleb_blood_cavern_becter
D:7:      layout_loops_cross, kiku_gazebo_pond_becter, enter_bailey_3,
          serial_bayou_lagoon_b, uniq_pikel
D:8:      layout_loops_ring, marbit_many_paths, nicolae_overflow_crystal_walls,
          uniq_gastronok
D:9:      layout_roguey [special_room_bee], lemuel_doored_altar,
          lair_entry_dummy
D:10:     layout_basic, uniq_fannar, uniq_urug, uniq_sonja
Temple:   regret_index_temple_generic_petals
Orc:1:    layout_caves, basic_altar, uniq_jorgrun
Orc:2:    pubby_orc_utopia

Skill      XL: |  1  2  3  4  5  6  7  8  9 10 11 12 13 |
---------------+----------------------------------------+-----
Poison Magic   | 4 5 6 |  6.0
Stealth        | 3 4 5 7 9 10 | 10.0
Fighting       | 2 3 5 8 10 | 10.0
Spellcasting   | 3 4 6 7 9 |  9.0
Short Blades   | 2 4 8 9 |  9.0
Conjurations   | 1 2 4 6 |  6.0
Air Magic      | 1 2 4 6 |  6.0
Fire Magic     | 1 2 4 |  4.0
Dodging        | 4 6 |  6.8
Shields        | 3 4 |  4.0
Transmutations | 2 |  2.0
Evocations     | 4 |  4.0

Action                   |  1- 3 |  4- 6 |  7- 9 | 10-12 | 13-15 || total
-------------------------+-------+-------+-------+-------+-------++-------
Melee: Unarmed           |     9 |       |       |       |       ||     9
       Constrict         |     3 |    21 |    19 |    12 |     4 ||    59
       Tentacles         |     2 |    19 |    14 |    12 |     3 ||    50
       Short sword       |       |   111 |   116 |    93 |    27 ||   347
Throw: Stone             |    22 |       |       |     3 |       ||    25
 Cast: Sting             |    73 |    66 |    14 |    52 |    19 ||   224
       Ignite Poison     |       |     2 |    28 |   101 |    21 ||   152
       Olgreb's Toxic Ra |       |     1 |    25 |   103 |    25 ||   154
       Mephitic Cloud    |       |     1 |    12 |     7 |     3 ||    23
  Use: Scroll            |       |     2 |    12 |     3 |     6 ||    23
       Potion            |       |     1 |     8 |     3 |       ||    12
 Stab: Sleeping          |       |    13 |     9 |     6 |       ||    28
       Confused          |       |       |     1 |       |       ||     1
       Fleeing           |       |       |     1 |       |       ||     1
Armor: Skin              |     6 |    16 |    38 |     6 |     1 ||    67
Dodge: Dodged            |    31 |    68 |    63 |   103 |    30 ||   295
